 Dungeon Crawl Stone Soup version 0.25-a0-503-ge281fa673e (webtiles) character file.

Game seed: 8158899281995518519, levelgen mode: deterministic

1012 Laukis the Skirmisher (level 8, -1/83 HPs)
             Began as an Ogre Fighter on Feb 13, 2020.
             Slain by an orc warrior
             ... wielding a +0 mace
              (21 damage)
             ... on level 5 of the Dungeon.
             The game lasted 00:12:31 (7181 turns).

Laukis the Skirmisher (Ogre Fighter)                Turns: 7181, Time: 00:12:32

Health: -1/83      AC:  3    Str: 22    XL:     8   Next: 21%
Magic:  8/8        EV: 10    Int:  9    God:
Gold:   249        SH:  9    Dex:  9    Spells: 7/7 levels left

rFire    . . .     SeeInvis .   a - +0 flail
rCold    . . .     Gourm    .   c - +0 kite shield
rNeg     . . .     Faith    .   b - +0 robe
rPois    +         Spirit   .   (helmet restricted)
rElec    .         Reflect  .   (no cloak)
rCorr    +         Harm     .   (gloves unavailable)
MR       .....                  (boots unavailable)
Stlth    +.........             y - amulet of magic regeneration
HPRegen  0.23/turn              n - ring of resist corrosion
MPRegen  0.36/turn              s - ring of poison resistance

@: no status effects
A: large, unfitting armour, tough skin 1
a: no special abilities


You were on level 5 of the Dungeon.
You were hungry.

You visited 2 branches of the dungeon, and saw 7 of its levels.
You also visited: Sewer.

You collected 249 gold pieces.

Inventory:

Hand Weapons
 a - a +0 flail (weapon)
 w - a +0 giant spiked club
Armour
 b - a +0 robe (worn)
 c - a +0 kite shield (worn)
Jewellery
 n - a ring of resist corrosion (left hand)
 s - a ring of poison resistance (right hand)
 y - an amulet of magic regeneration (around neck)
 z - an uncursed ring of magical power {unknown}
Wands
 g - a wand of paralysis (5)
Scrolls
 h - a scroll of magic mapping {unknown}
 l - 2 scrolls of teleportation
 m - a scroll of remove curse {unknown}
 o - a scroll of immolation {unknown}
 q - a scroll of fog {unknown}
 r - a scroll of blinking {unknown}
 v - a scroll of enchant weapon {unknown}
 x - a scroll of enchant armour {unknown}
Potions
 d - a potion of might
 e - 2 potions of curing
 j - 2 potions of invisibility
 k - 3 potions of heal wounds
 p - a potion of lignification {unknown}
 t - a potion of degeneration {unknown}
 u - 2 potions of flight
Comestibles
 f - 5 rations
 i - 3 chunks of flesh


   Skills:
 + Level 6.3 Fighting
 * Level 4.8 Maces & Flails
 + Level 3.0 Throwing
 + Level 4.1 Dodging
 * Level 5.2 Shields


You had 7 spell levels left.
You didn't know any spells.
Your spell library was empty.

Dungeon Overview and Level Annotations

Branches:
Dungeon (6/15)             Temple (1/1) D:4           Sewer (visited)

Altars:
Ashenzari
Cheibriados
Elyvilon
Fedhas
Gozag
Hepliaklqana
Kikubaaqudgha
Makhleb
Nemelex Xobeh
Sif Muna
Trog
Uskayaw
Vehumet
Wu Jian
Xom
Yredelemnul
The Shining One

Shops:
D:5 *


Innate Abilities, Weirdness & Mutations

You are too large for most types of armour.
You have tough skin. (AC +1)


Message History

You closely miss the orc warrior.
The orc warrior is heavily wounded.
The orc warrior barely misses you.
You closely miss the orc warrior.
The orc warrior is heavily wounded.
You block the orc warrior's attack.
You hit the orc warrior.
The orc warrior is heavily wounded.
You block the orc warrior's attack.
You closely miss the orc warrior.
The orc warrior is heavily wounded.
You block the orc warrior's attack.
You hit the orc warrior.
The orc warrior is severely wounded.
The orc warrior hits you with a +0 mace!
* * * LOW HITPOINT WARNING * * *
You closely miss the orc warrior.
The orc warrior is severely wounded.
The orc warrior hits you with a +0 mace!!
You die...

#### ########## #...
#........######...
#@................
################.o......######...
#..............#.#############...
#.####...|.......................
#.#.........##.#.################
#.#.###.###....#.################
#.#.....# #..###.................
#.#..######..#.......############
#.#............#####.......# #..


You could see an orc warrior.

Vanquished Creatures
  An ice beast (D:5)
  A sky beast (D:5)
  An ogre (D:5)
  A big kobold (Sewer)
  A bullfrog (D:6)
  A crimson imp (D:5)
  A bullfrog zombie (D:5)
  2 hounds (D:5)
  3 orc priests
  Jessica (D:2)
  Ijyb (D:4)
  5 worker ants
  A hound zombie (D:5)
  5 adders
  2 howler monkey skeletons
  3 river rats
  A shadow imp (D:5)
  A dart slug (D:1)
  3 leopard geckos
  13 orcs
  A ball python (D:5)
  8 giant cockroaches
  13 goblins
  6 hobgoblins
  7 jackals
  10 kobolds
  5 quokkas
  7 bats
  10 frilled lizards
  A leopard gecko skeleton (D:5)
  5 rats
121 creatures vanquished.

Notes
Turn   | Place    | Note
-------+----------+-------------------------------------------
     0 | D:1      | Laukis the Ogre Fighter began the quest for the Orb.
     0 | D:1      | Reached XP level 1. HP: 24/24 MP: 1/1
   288 | D:1      | Reached XP level 2. HP: 32/32 MP: 2/2
   858 | D:2      | Reached XP level 3. HP: 40/40 MP: 3/3
  1572 | D:2      | Noticed Jessica
  1588 | D:2      | Killed Jessica
  1588 | D:2      | Reached XP level 4. HP: 45/49 MP: 4/4
  1728 | D:3      | Noticed a +0 dagger
  1728 | D:3      | Noticed a +0 hand axe
  1729 | D:3      | Found a hide-covered altar of Uskayaw.
  2700 | D:3      | Reached skill level 1 in Throwing
  2972 | D:3      | Reached XP level 5. HP: 55/55 MP: 5/5
  3339 | D:4      | Noticed Ijyb
  3518 | D:4      | Reached skill level 5 in Fighting
  3767 | D:4      | Killed Ijyb
  3880 | D:4      | Found a staircase to the Ecumenical Temple.
  4024 | Temple   | Entered the Ecumenical Temple
  4256 | D:4      | Reached XP level 6. HP: 61/66 MP: 6/6
  4383 | D:5      | Entered Level 5 of the Dungeon
  4384 | D:5      | Found a glowing drain.
  4510 | Sewer    | Entered a sewer
  4905 | Sewer    | Found a white marble altar of Elyvilon.
  5204 | D:5      | Found Woygra's Lightly-Used Armoury.
  5210 | D:5      | Noticed a sky beast
  5217 | D:5      | Killed a sky beast
  5217 | D:5      | Reached XP level 7. HP: 64/72 MP: 7/7
  5695 | D:5      | Found a sparkling altar of Nemelex Xobeh.
  6034 | D:5      | Reached skill level 6 in Fighting
  6424 | D:5      | Found an opulent altar of Gozag.
  6453 | D:5      | Reached skill level 5 in Shields
  6453 | D:5      | Reached XP level 8. HP: 63/83 MP: 8/8
  6617 | D:5      | Found a blossoming altar of Fedhas.
  7181 | D:5      | Slain by an orc warrior

Levels and vault maps discovered:
D:1:      psy_arrival_terrarium, layout_basic
D:2:      layout_basic, uniq_jessica
D:3:      layout_basic, dancing_weapons_uskayaw, first_ration
D:4:      layout_rooms, minmay_temple_entry_antechambers, uniq_ijyb
D:5:      cheibrodos_quashed, layout_basic, marbit_many_paths,
          portal_sewer_entry_b, basic_altar, minmay_shop_damaged,
          nemelex_altar_shiori
D:6:      nicolae_whirlpool, layout_basic, serial_shops, shop
Temple:   minmay_freezing_vapour_temple

Skill      XL: |  1  2  3  4  5  6  7  8 |
---------------+-------------------------+-----
Maces & Flails | 2 3 4 |  4.8
Shields        | 3 4 5 |  5.2
Dodging        | 3 4 |  4.1
Throwing       | 1 2 3 |  3.0
Fighting       | 5 6 |  6.3

Action                   |  1- 3 |  4- 6 |  7- 9 || total
-------------------------+-------+-------+-------++-------
Melee: Flail             |   118 |   207 |   186 ||   511
       Unarmed           |       |    35 |       ||    35
  Use: Scroll            |       |       |     6 ||     6
       Potion            |       |       |     2 ||     2
  Eat: Chunk             |     2 |    12 |     6 ||    20
Armor: Robe              |    37 |    42 |    22 ||   101
       Skin              |       |     1 |       ||     1
Dodge: Dodged            |    47 |    84 |    64 ||   195
Block: Kite shield       |    66 |    85 |    90 ||   241

Table legend:
 A = Non-vault XP
 B = Vault XP
 C = Vault XP percentage of total XP
 D = Non-vault monster count
 E = Vault monster count
 F = Vault count percentage of total count
                 A         B        C        D         E       F
            +---------+---------+-------+---------+---------+-------
      Total |    1218 |     229 |  15.8 |     105 |      16 |  13.2
            +---------+---------+-------+---------+---------+-------
        D:1 |      33 |       0 |   0.0 |      18 |       0 |   0.0
        D:2 |      32 |      37 |  53.6 |      18 |       1 |   5.3
        D:3 |      68 |       0 |   0.0 |      25 |       0 |   0.0
        D:4 |     122 |      36 |  22.8 |      12 |       1 |   7.7
        D:5 |     776 |      19 |   2.4 |      23 |       4 |  14.8
        D:6 |     187 |       0 |   0.0 |       9 |       0 |   0.0
      Sewer |       0 |     137 | 100.0 |       0 |      10 | 100.0
            +---------+---------+-------+---------+---------+-------
